 Dungeon Crawl Stone Soup version 0.18-a0-1774-gce1f7b6 (webtiles) character file.

145 epen the Slasher (level 5, -8/45 HPs)
             Began as a Naga Gladiator on Apr 15, 2016.
             Mangled by Natasha (9 damage)
             ... on level 2 of the Dungeon.
             The game lasted 00:03:26 (1522 turns).

epen the Slasher (Naga Gladiator)                   Turns: 1522, Time: 00:03:27

Health: -8/45      AC:  5    Str: 18    XL:     5   Next: 27%
Magic:  5/5        EV: 10    Int: 13    God:
Gold:   71         SH:  0    Dex: 12    Spells: 0 memorised, 4 levels left

rFire  . . .     SeeInvis +     a - +0 long sword
rCold  . . .     Gourm    .     b - +0 leather armour
rNeg   . . .     Faith    .     (no shield)
rPois  +         Spirit   .     c - +0 helmet
rElec  .         Dismiss  .     j - +0 cloak
rCorr  .         Reflect  .     (no gloves)
SustAt .         Harm     .     (no barding)
MR     .....                    (no amulet)
Stlth  ++........               (no ring)
                                (no ring)

@: brilliant, lethally poisoned (-8 -> -8), slowed, very slow, not resistant to
hostile enchantments, unstealthy
A: see invisible, deformed body, poison resistance, slowness 2, slow metabolism
1, spit poison 2, AC +1
a: Spit Poison


You were on level 2 of the Dungeon.
You were hungry.

You visited 1 branch of the dungeon, and saw 2 of its levels.

You collected 71 gold pieces.

Inventory:

Hand Weapons
 a - a +0 long sword (weapon)
Missiles
 d - 3 throwing nets (quivered)
Armour
 b - a +0 leather armour (worn)
 c - a +0 helmet (worn)
 g - a +0 ring mail
 j - a +0 cloak (worn)
Scrolls
 e - 2 scrolls of remove curse {unknown}
 h - 2 scrolls of recharging {unknown}
 i - 4 scrolls of fear {unknown}
 n - a scroll of teleportation {unknown}
 o - a scroll of identify {unknown}
Potions
 k - a potion of heal wounds {unknown}
 l - a potion of curing {unknown}
 m - a potion of cancellation {unknown}
Comestibles
 f - a bread ration


   Skills:
 - Level 2.0 Fighting
 * Level 4.1 Long Blades
 - Level 1.7 Throwing
 * Level 3.6 Dodging
 + Level 3.1 Stealth


You had 4 spell levels left.
You didn't know any spells.

Dungeon Overview and Level Annotations

Branches:
Dungeon (2/15)

Altars:

Annotations:
D:2 Natasha


Innate Abilities, Weirdness & Mutations

You cannot wear boots.
Your serpentine skin is tough (AC +1).
You have supernaturally acute eyesight.
Armour fits poorly on your strangely shaped body.
Your system is resistant to poisons.
You cover ground very slowly.
You have a slow metabolism.
You can spit poison.


Message History

Natasha casts a spell at you.
You feel as though you will be slow longer.
You see here an adder corpse.
You closely miss Natasha.
You feel sick.
Natasha hisses.
Natasha closely misses you.
You barely miss Natasha.
You are feeling hungry.
Natasha growls.
Natasha claws you!
* * * LOW HITPOINT WARNING * * *
Natasha claws you.
* * * LOW HITPOINT WARNING * * *
You aren't carrying any items that you can evoke.
Drink which item? (? for menu, Esc to quit)
It was a potion of brilliance.
You feel clever all of a sudden.
* * * LOW HITPOINT WARNING * * *
You feel sick. Natasha claws you!
You die...

.# #.......# ##
#....[..# #.......#
###'##### #.########
############.........
#...........########.
#................###.#
............##.h@....#
............####.#####
........(...# #.#
............# #.#
............# #..
............# ###
.....รท......#
.####.##.#### ##
#.##....#


You could see Natasha.

Vanquished Creatures
  An ogre (D:1)
  2 adders (D:2)
  2 dart slugs
  A giant gecko (D:1)
  6 bats
  3 giant cockroaches (D:1)
  3 goblins
  5 hobgoblins (D:1)
  A ball python (D:1)
  4 giant newts
  4 kobolds (D:1)
  3 rats (D:1)
35 creatures vanquished.

Notes
Turn   | Place    | Note
--------------------------------------------------------------
     0 | D:1      | epen the Naga Gladiator began the quest for the Orb.
     0 | D:1      | Reached XP level 1. HP: 19/19 MP: 1/1
    19 | D:1      | Reached skill level 1 in Stealth
   285 | D:1      | Reached XP level 2. HP: 26/26 MP: 2/2
   861 | D:1      | Reached XP level 3. HP: 26/32 MP: 3/3
  1087 | D:1      | Noticed an ogre
  1097 | D:1      | Killed an ogre
  1097 | D:1      | Reached skill level 4 in Long Blades
  1097 | D:1      | Reached XP level 4. HP: 32/39 MP: 4/4
  1097 | D:1      | Reached XP level 5. HP: 37/45 MP: 5/5
  1508 | D:2      | Noticed Natasha
  1521 | D:2      | HP: 2/45 [Natasha (1)]
  1522 | D:2      | Mangled by Natasha

Vault maps used:
D:1:      sevenhm_arrival_forest_fort_small_4
D:2:      makhleb_altar_promises_db, uniq_jessica, uniq_natasha

Skill      XL: |  1  2  3 |
---------------+----------+-----
Stealth        | 1 3 |  3.1
Long Blades    | 4 |  4.1
Dodging        | 3 |  3.6
Fighting       | |  2.0
Throwing       | |  1.7

Action                   |  1- 3 |  4- 6 || total
-------------------------+-------+-------++-------
Melee: Long sword        |    85 |    47 ||   132
 Abil: Spit Poison       |     2 |     2 ||     4
  Use: Potion            |       |     1 ||     1
 Stab: Sleeping          |       |     1 ||     1
  Eat: Chunk             |       |     1 ||     1
Armor: Leather armour    |    31 |    29 ||    60
Dodge: Dodged            |    71 |    59 ||   130
